 Dungeon Crawl Stone Soup version 0.27-a0-12-g5dcdf963e0 (webtiles) character file.

Game seed: 14542864807934333697

11211 cece97 the Fighter (level 11, -4/102 HPs)
             Began as a Minotaur Berserker on Jan 2, 2021.
             Was a High Priest of Trog.
             Slain by a yak (10 damage)
             ... on level 11 of the Dungeon.
             The game lasted 00:21:56 (11365 turns).

cece97 the Fighter (Minotaur Berserker)            Turns: 11365, Time: 00:21:56

Health: -4/102     AC: 21    Str: 25    XL:     11   Next: 46%
Magic:  10/10      EV: 11    Int:  4    God:    Trog [*****.]
Gold:   530        SH:  0    Dex: 10    Spells: 10/10 levels left

rFire    . . .     SeeInvis .   y - +1 war axe
rCold    . . .     Faith    .   (no shield)
rNeg     . . .     Spirit   .   A - +3 plate armour (curse)
rPois    .         Reflect  .   (helmet restricted)
rElec    .         Harm     .   d - +0 cloak
rCorr    .         Rampage  .   z - +0 pair of gloves
Will     .....                  (no boots)
Stlth    ..........             (no amulet)
HPRegen  0.27/turn              (no ring)
MPRegen  0.12/turn              (no ring)

@: berserk cooldown, slowed, very slow
A: retaliatory headbutt, horns 2
a: Renounce Religion, Berserk, Trog's Hand, Brothers in Arms


You were on level 11 of the Dungeon.
You worshipped Trog.
Trog was extremely pleased with you.
You visited 1 branch of the dungeon, and saw 13 of its levels.

You collected 530 gold pieces.

Inventory:

Hand Weapons
 a - a +0 hand axe
 y - a +1 war axe (weapon)
Missiles
 x - 5 silver boomerangs
Armour
 b - a +0 animal skin
 d - a +0 cloak (worn)
 f - a +0 ring mail
 g - a +0 chain mail
 n - a scarf of repulsion
 z - a +0 pair of gloves (worn)
 A - a cursed +3 plate armour (worn)
Jewellery
 G - an uncursed ring of fire
 H - an uncursed ring of flight {unknown}
Wands
 i - a wand of disintegration (22)
 j - a wand of flame (14)
 q - a wand of iceblast (8)
Scrolls
 e - 3 scrolls of fog
 l - 6 scrolls of remove curse
 o - 5 scrolls of identify
 p - 2 scrolls of enchant weapon
 s - 2 scrolls of teleportation
 t - 3 scrolls of fear
 w - a scroll of vulnerability {unknown}
 B - a scroll of noise {unknown}
 E - 2 scrolls of immolation
 F - 2 scrolls of acquirement {unknown}
Potions
 c - 3 potions of curing
 h - a potion of flight {unknown}
 m - a potion of magic {unknown}
 r - 2 potions of brilliance {unknown}
 u - a potion of mutation {unknown}
 v - 2 potions of lignification {unknown}
 C - a potion of degeneration {unknown}
 D - a potion of ambrosia {unknown}


   Skills:
 + Level 11.4 Fighting
 + Level 11.4 Axes
 + Level 11.1 Armour
 + Level 10.3 Dodging


You had 10 spell levels left.
You didn't know any spells.
Your spell library was empty.

Dungeon Overview and Level Annotations

Branches:
Dungeon (13/15)            Temple (0/1) D:4            Lair (0/6) D:8
    Orc: D:9-12      Vaults: D:13-14

Altars:
Cheibriados
Fedhas
Kikubaaqudgha
Okawaru
Ru
Sif Muna

Shops:
D:5 *

Portals:
Gauntlet: D:11


Innate Abilities, Weirdness & Mutations

You reflexively headbutt those who attack you in melee.
You have a pair of horns on your head.


Message History

You kill the yak!
Trog accepts your kill.
You slash the yak! You barely miss the mummy. The yak gores you.
* * * LOW HITPOINT WARNING * * *
The mummy hits you!
* * * LOW HITPOINT WARNING * * *
The yak gores you but does no damage. x2
You hit the yak. You headbutt the yak!
The yak is heavily wounded.
You completely miss the mummy. You slash the yak!
The yak gores you but does no damage. The mummy hits you.
* * * LOW HITPOINT WARNING * * *
The yak gores you but does no damage.
Unknown command.
You feel better. The yak gores you.
* * * LOW HITPOINT WARNING * * *
The yak barely misses you. The mummy hits you.
* * * LOW HITPOINT WARNING * * *
The yak gores you!
You die...

................>.#
...........########
...........#
...........#
.....∩.....#
..#####....#
#...#....#
#...#M...#
#...@Y...#
#...#Y...#
#...#....#
#...#....#
#...#....#
#####....# .....#
....#


You could see 2 yaks and a mummy.

Vanquished Creatures
  A centaur warrior (D:13)
  A two-headed ogre (D:8)
  A death yak (D:8)
  A cyclops (D:11)
  A komodo dragon (D:8)
  A troll (D:9)
  A hornet (D:12)
  A polar bear (D:8)
  Prince Ribbit (D:7)
  4 slime creatures (D:12)
  2 wyverns (D:8)
  11 yaks
  2 vampire mosquitoes
  A soldier ant (D:9)
  A water moccasin (D:9)
  5 orc warriors
  2 ice beasts (D:8)
  A black bear (D:7)
  3 sky beasts
  3 ogres
  An eye of draining (D:9)
  A necrophage (D:11)
  2 phantoms
  A wolf (D:8)
  2 centaurs
  3 big kobolds
  6 bullfrogs
  7 scorpions
  8 wights
  2 electric eels (D:8)
  A howler monkey (D:5)
  2 centaur zombies
  2 quasits (D:6)
  3 jellies
  2 orc priests
  A water moccasin simulacrum (D:8)
  8 hounds
  3 iguanas
  10 orc wizards
  2 bullfrog skeletons
  Natasha (thrice) (D:4)
  5 worker ants
  A centaur simulacrum (D:8)
  A hound skeleton (D:5)
  A howler monkey skeleton (D:9)
  18 adders
  A shadow imp (D:5)
  A white imp (D:8)
  A worker ant simulacrum (D:8)
  4 ufetubi
  An ooze (D:1)
  An adder skeleton (D:4)
  5 worms
  2 dart slugs (D:1)
  4 leopard geckos
  31 orcs
  2 ball pythons
  5 bats
  3 giant cockroaches
  6 goblins
  8 hobgoblins
  9 jackals
  19 kobolds
  9 quokkas
  7 frilled lizards
  A giant cockroach zombie (D:6)
  A quokka skeleton (D:6)
  5 rats
266 creatures vanquished.

Vanquished Creatures (others)
  A white imp (D:8)
  A kobold (D:13)
  21 plants
23 creatures vanquished.

Grand Total: 289 creatures vanquished

Notes
Turn   | Place    | Note
-------+----------+-------------------------------------------
     0 | D:1      | cece97 the Minotaur Berserker began the quest for the Orb.
     0 | D:1      | Reached XP level 1. HP: 19/19 MP: 0/0
   252 | D:1      | Reached XP level 2. HP: 27/27 MP: 1/1
   511 | D:1      | Reached ** piety under Trog
   565 | D:1      | Reached XP level 3. HP: 33/33 MP: 2/2
  1564 | D:2      | Reached XP level 4. HP: 32/41 MP: 3/3
  1919 | D:3      | Reached *** piety under Trog
  2029 | D:3      | Found an ancient bone altar of Kikubaaqudgha.
  2030 | D:3      | Found a blossoming altar of Fedhas.
  2030 | D:3      | Found an iron altar of Okawaru.
  2030 | D:3      | Found a snail-covered altar of Cheibriados.
  2196 | D:3      | Reached XP level 5. HP: 29/47 MP: 4/4
  2783 | D:4      | Found a staircase to the Ecumenical Temple.
  2799 | D:4      | Noticed Natasha
  2802 | D:4      | Killed Natasha
  2845 | D:4      | Reached skill level 5 in Fighting
  2845 | D:4      | Reached skill level 5 in Axes
  3229 | D:4      | Noticed an ogre
  3235 | D:4      | Killed an ogre
  3236 | D:4      | Reached XP level 6. HP: 50/56 MP: 5/5
  3718 | D:4      | Noticed Natasha
  3728 | D:4      | Killed Natasha
  4036 | D:4      | Noticed Natasha
  4044 | D:4      | Killed Natasha
  4083 | D:5      | Entered Level 5 of the Dungeon
  4147 | D:5      | Reached XP level 7. HP: 45/62 MP: 6/6
  4279 | D:5      | Reached skill level 5 in Armour
  4698 | D:5      | Reached skill level 5 in Dodging
  4964 | D:5      | Found Cunna's Assorted Antiques.
  5302 | D:5      | Found a shimmering blue altar of Sif Muna.
  5357 | D:6      | Reached XP level 8. HP: 50/71 MP: 7/7
  5436 | D:6      | Reached **** piety under Trog
  6534 | D:6      | Found a sacrificial altar of Ru.
  6893 | D:7      | Reached XP level 9. HP: 81/81 MP: 8/8
  7159 | D:7      | Noticed Prince Ribbit
  7168 | D:7      | Killed Prince Ribbit
  7627 | D:8      | Found a staircase to the Lair.
  7628 | D:8      | Noticed a komodo dragon
  7655 | D:8      | Killed a komodo dragon
  8133 | D:8      | Noticed a death yak
  8135 | D:8      | Noticed a polar bear
  8153 | D:8      | Killed a death yak
  8154 | D:8      | Reached XP level 10. HP: 64/91 MP: 9/9
  8800 | D:8      | Noticed a two-headed ogre
  8810 | D:8      | Killed a two-headed ogre
  8811 | D:8      | Reached skill level 10 in Fighting
  8811 | D:8      | Reached skill level 10 in Axes
  9513 | D:9      | Reached skill level 10 in Armour
  9833 | D:9      | Reached ***** piety under Trog
 10285 | D:10     | Entered Level 10 of the Dungeon
 10350 | D:10     | You fall into a shaft and drop 3 floors!
 10350 | D:13     | Noticed a centaur warrior
 10361 | D:13     | Killed a centaur warrior
 10369 | D:13     | Reached XP level 11. HP: 72/101 MP: 10/10
 10897 | D:12     | Reached skill level 10 in Dodging
 11315 | D:12     | Noticed a seven-headed hydra
 11334 | D:11     | Found a gate leading to a gauntlet.
 11365 | D:11     | Slain by a yak

Illustrated notes

Levels and vault maps discovered:
D:1:      tarquinn_simple_flora_water_a, layout_basic
D:2:      layout_loops_ring
D:3:      layout_rooms, grunt_temple_overflow_open, serial_bayou,
          serial_bayou_ford_a, serial_bayou_pond_e, serial_bayou_lake_a,
          serial_bayou_crossing, corexii_item_surrounded_by_moat
D:4:      layout_gridville, minmay_temple_entry_water_ring,
          cheibrodos_sewer_entry_bend, uniq_natasha
D:5:      layout_loops_cross, lemuel_blue_sif_altar, serial_shops, shop,
          nrook_pool_corridor, hex_medium
D:6:      layout_cave_pods, lemuel_coloured_pillars_altar
D:7:      layout_basic, uniq_prince_ribbit1
D:8:      layout_loops_corners, david_lair_shrubbed, serial_ice, serial_ice_d,
          serial_ice_j, serial_ice_c, serial_ice_m
D:9:      layout_long_grid
D:10:     layout_roguey, kennysheep_another_room
D:11:     layout_irregular_city, basic_altar, gauntlet_entry_generic,
          serial_undead, serial_undead_e, serial_undead_b, serial_undead_e,
          serial_undead_d, serial_undead_e, serial_undead_b, enter_bailey_3,
          trog_ov_bears_minmay
D:12:     layout_long_grid, orc_0_dummy, ebering_ghost_disaster_area,
          lemuel_altar_in_water
D:13:     lemuel_troll_bridge, layout_basic, serial_shops,
          nicolae_shop_waterfront

Skill      XL: |  1  2  3  4  5  6  7  8  9 10 11 |
---------------+----------------------------------+-----
Fighting       | 4 5 6 7 9 10 11 | 11.4
Axes           | 4 5 6 7 9 10 11 | 11.4
Armour         | 3 4 5 7 9 10 11 | 11.1
Dodging        | 3 4 5 6 8 9 10 | 10.3

Action                   |  1- 3 |  4- 6 |  7- 9 | 10-12 || total
-------------------------+-------+-------+-------+-------++-------
Melee: Hand axe          |   103 |   158 |    70 |       ||   331
       Headbutt          |    19 |    28 |    51 |    53 ||   151
       War axe           |       |       |   269 |   267 ||   536
Invok: Berserk           |       |     2 |     4 |     8 ||    14
  Use: Scroll            |       |       |    14 |       ||    14
       Potion            |       |       |       |     4 ||     4
Armor: Animal skin       |     3 |       |       |       ||     3
       Chain mail        |    55 |    62 |    59 |       ||   176
       Ring mail         |     3 |       |       |       ||     3
       Plate armour      |       |       |   161 |   171 ||   332
Dodge: Dodged            |    41 |    67 |   168 |   170 ||   446

Table legend: (Time is in decaauts)
 A = Elapsed time spent in this place.
 B = Non-inter-level travel time spent in this place.
 C = Inter-level travel time spent in this place.
 D = Time resting spent in this place.
 E = Time spent auto-exploring this place.
 F = Levels seen in this place.
 G = Mean time per level.
                   A        B        C        D        E       F      G
               +--------+--------+--------+--------+--------+-----+--------+
         Total |  11596 |  11373 |    223 |   2985 |   6536 |  13 |  892.0 |
       Dungeon |  11596 |  11373 |    223 |   2985 |   6536 |  13 |  892.0 |
               +--------+--------+--------+--------+--------+-----+--------+

Top non-repeatable levels by time:
     D:8: 1753 daAuts
     D:4: 1464 daAuts
     D:6: 1391 daAuts
     D:5: 1249 daAuts
     D:9: 1032 daAuts
     D:1: 936 daAuts
     D:2: 888 daAuts
     D:3: 885 daAuts
     D:7: 884 daAuts
    D:12: 596 daAuts
    D:13: 392 daAuts
    D:10: 72 daAuts
    D:11: 53 daAuts
